 Dungeon Crawl Stone Soup version 0.29.1-1-gd02db6906a (webtiles) character file.

Game seed: 4316624307814232290

1023 Colgate the Frost Mage (level 8, -3/52 HPs)
             Began as a Barachi Ice Elementalist on Oct 8, 2022.
             Was an Initiate of Vehumet.
             Killed by nerve-wracking pain
             ... invoked by Grinder
              (10 damage)
             ... on level 5 of the Dungeon on Oct 9, 2022.
             The game lasted 00:39:22 (5835 turns).

Colgate the Frost Mage (Barachi Ice Elementalist)   Turns: 5835, Time: 00:39:22

Health: -3/52      AC: 18    Str:  9    XL:     8   Next: 22%
Magic:  1/11       EV: 12    Int: 19    God:    Vehumet [......]
Gold:   51         SH:  0    Dex: 12    Spells: 0/11 levels left

rFire   x . .      SeeInvis .   a - +0 shortbow
rCold   + + .      Faith    .   (shield currently unavailable)
rNeg    . . .      Spirit   .   w - +1 robe {rC+}
rPois   .          Reflect  .   f - +2 helmet
rElec   .          Harm     .   o - +0 cloak
rCorr   .          Rampage  .   e - +1 pair of gloves
Will    .....                   (no boots)
Stlth   ++........              s - amulet of regeneration
HPRegen 0.97/turn               y - ring of ice
MPRegen 0.12/turn               (no ring)

@: ice-armoured, studying Throwing, slow
A: amphibious, slowness 1, strong legs 1, +LOS
a: Hop, Renounce Religion


You were on level 5 of the Dungeon.
You worshipped Vehumet.
Vehumet was noncommittal.
You visited 1 branch of the dungeon, and saw 5 of its levels.

You collected 351 gold pieces.
You spent 300 gold pieces at shops.

Inventory:

Hand Weapons
 a - a +0 shortbow (weapon)
 b - a +2 dire flail of protection
 v - a +4 quarterstaff of chaos
 B - a +2 dire flail of draining
Armour
 e - a +1 pair of gloves (worn)
 f - a +2 helmet (worn)
 i - an orb of mayhem
 o - a +0 cloak (worn)
 w - a +1 robe of cold resistance (worn)
 C - a +1 chain mail of willpower
Jewellery
 s - an amulet of regeneration (around neck)
 y - a ring of ice (left hand)
Wands
 p - a wand of polymorph (8)
 u - a wand of paralysis (5)
Scrolls
 g - a scroll of identify {@r1}
 m - a scroll of amnesia {unknown}
 t - a scroll of fear
 x - a scroll of teleportation {@r3}
 E - a scroll of butterflies {unknown}
Potions
 c - 4 potions of might {@q3}
 d - a potion of curing {@q1}
 h - 3 potions of attraction
 j - 2 potions of cancellation
 k - a potion of mutation {unknown}
 l - a potion of invisibility {unknown}
 n - 3 potions of flight {unknown}
 q - a potion of magic
 r - a potion of heal wounds {unknown}
 z - a potion of brilliance {unknown}
 A - a potion of lignification {unknown}
 D - a potion of degeneration {unknown}


   Skills:
 + Level 0.0 Fighting
 - Level 2.1 Dodging
 - Level 1.7 Stealth
 - Level 2.1 Spellcasting
 - Level 6.2 Conjurations
 - Level 10.0 Ice Magic


You couldn't memorise any spells.
You knew the following spells:

 Your Spells              Type           Power      Damage    Failure   Level
a - Freeze                Ice            100%       1d11      1%          1
b - Frozen Ramparts       Ice            100%       1d16      1%          3
c - Ozocubu's Armour      Ice            56%        N/A       1%          3
d - Hailstorm             Conj/Ice       49%        3d11      6%          4

Your spell library contained the following spells:

 Spells                   Type           Power      Damage    Failure   Level
 Foxfire                  Conj/Fire      52%        2x1d6     4%          1
 Conjure Flame            Conj/Fire      13%        6-21      14%         3
 Scorch                   Fire           4%         2d5       26%         2
 Sublimation of Blood     Necr           2%         N/A       26%         2
 Wereblood                Tmut           2%         N/A       26%         2
 Flame Wave               Conj/Fire      13%        2d6       43%         4
 Gell's Gravitas          Tloc           2%         N/A       45%         3
 Inner Flame              Hex/Fire       2%         N/A       45%         3
 Teleport Other           Tloc           2%         N/A       45%         3
 Dispersal                Tloc           1%         N/A       100%        6
 Summon Cactus Giant      Summ           1%         N/A       100%        6
 Summon Hydra             Summ           1%         N/A       100%        7


Dungeon Overview and Level Annotations

Branches:
Dungeon (5/15)
 Temple: D:4-7

Altars:
Fedhas
Qazlal
Vehumet

Shops:
D:2 =   D:3 *?(((

Annotations:
D:5 Grinder


Innate Abilities, Weirdness & Mutations

You are amphibious.
You cover ground slowly.
You can hop short distances.
You have an extended range of vision and can be seen from far away.


Message History

Grinder gestures at you. You resist with some effort.
Casting: Freeze (safe; 1% risk of failure)
Aiming: Freeze (safe; 1% risk of failure)
Aim: Grinder (severely wounded)
You feel a surge of power!
You freeze Grinder.
Grinder resists.
Grinder completely resists.
The wall freezes Grinder but does no damage.
Grinder gestures at you. Pain shoots through your body!
* * * LOW HITPOINT WARNING * * *
Casting: Freeze (safe; 1% risk of failure)
Aiming: Freeze (safe; 1% risk of failure)
Aim: Grinder (severely wounded)
You feel a surge of power!
You freeze Grinder but do no damage.
Grinder completely resists. x2
The wall freezes Grinder but does no damage.
Grinder hits you but does no damage.
You puncture Grinder!
Your weapon exudes an aura of protection.
Grinder completely resists.
The wall freezes Grinder but does no damage.
Grinder hits you.
* * * LOW HITPOINT WARNING * * *
You writhe in agony.
* * * LOW HITPOINT WARNING * * *
You closely miss Grinder.
The frozen ramparts melt away.
Grinder barely misses you. Grinder hits you but does no damage.
You closely miss Grinder.
Grinder says, "Just stop there for a second..."
Grinder blinks!
Your +2 dire flail of protection goes still.
a - a +0 shortbow (weapon)
You are too injured to fight recklessly!
Fire: a) +0 shortbow
Aim: Grinder (almost dead, 52% to hit)
You shoot an arrow. The arrow hits Grinder.
Grinder gestures at you. Pain shoots through your body!
You die...

................s...
###.......#........
#...[...####.###. #######
####.#### # #.....# ##.#
#.....######.§# #)........##.##
#.......#.##.#####
#######.......@..# ##.5.#####.#
#.#.# #.# #.#.# #.# #......#
#5#.#####.# #......#
#.#.......# #......#
#.#.5.....#
#......###.#.......#
#.......##.#.......##########≈#


You could see Grinder.

Vanquished Creatures
  A lindwurm (D:5)
  A wind drake (D:4)
  2 basilisks (D:5)
  2 water elementals (D:5)
  A fire elemental (D:5)
  Edmund (D:4)
  Duvessa (D:4)
  An ice beast (D:5)
  A centaur (D:5)
  Blork the orc (D:4)
  3 scorpions
  Dowan (D:3)
  2 orc priests (D:4)
  Crazy Yiuf (D:2)
  2 iguanas (D:5)
  An orc wizard (D:4)
  A statue (D:4)
  8 adders
  A worm (D:2)
  3 dart slugs
  6 orcs
  10 endoplasms
  9 goblins
  4 hobgoblins
  4 quokkas
  6 ball pythons
  10 bats
  9 frilled lizards
  4 kobolds
  8 rats
105 creatures vanquished.

Notes
Turn   | Place    | Note
-------+----------+-------------------------------------------
     0 | D:1      | Colgate the Barachi Ice Elementalist began the quest for
                  | the Orb.
     0 | D:1      | Reached XP level 1. HP: 13/13 MP: 3/3
    94 | D:1      | Reached skill level 5 in Ice Magic
   245 | D:1      | Reached XP level 2. HP: 13/19 MP: 0/5
   691 | D:1      | Found a faded altar of an unknown god.
   694 | D:1      | Prayed at the altar of an unknown god.
   694 | D:1      | Became a worshipper of Qazlal Stormbringer
   694 | D:1      | Reached * piety under Qazlal
   781 | D:1      | Reached XP level 3. HP: 22/24 MP: 2/6
   796 | D:1      | Reached skill level 6 in Ice Magic
   852 | D:1      | Learned a level 3 spell: Frozen Ramparts
  1641 | D:2      | Found Boraocac's Jewellery Shop.
  1655 | D:2      | Reached XP level 4. HP: 30/30 MP: 3/7
  1662 | D:2      | Learned a level 3 spell: Ozocubu's Armour
  1706 | D:2      | Found a runed translucent door.
  1707 | D:2      | Noticed Crazy Yiuf
  1781 | D:2      | Reached ** piety under Qazlal
  2014 | D:2      | Found a blossoming altar of Fedhas.
  2346 | D:2      | Killed Crazy Yiuf
  2347 | D:2      | Reached skill level 7 in Ice Magic
  2566 | D:3      | Found Myniewk's Antique Weapon Shoppe.
  2658 | D:3      | Reached XP level 5. HP: 35/35 MP: 4/8
  2725 | D:3      | Found Hudon's Magic Scroll Shoppe.
  2805 | D:3      | Found Plog's General Store.
  2859 | D:3      | Found Xeiw's Antique Weapon Shoppe.
  2948 | D:3      | Found Elyzar's Weapon Boutique.
  3394 | D:3      | Found a blossoming altar of Fedhas.
  3423 | D:4      | Noticed Blork the orc
  3432 | D:4      | Killed Blork the orc
  3433 | D:4      | Reached skill level 8 in Ice Magic
  3499 | D:4      | Noticed Duvessa
  3507 | D:4      | Killed Duvessa
  3508 | D:4      | Reached skill level 9 in Ice Magic
  3508 | D:4      | Reached XP level 6. HP: 41/41 MP: 1/9
  3513 | D:4      | Noticed Dowan
  3525 | D:3      | Killed Dowan
  3830 | D:4      | Found a radiant altar of Vehumet.
  3891 | D:4      | Fell from the grace of Qazlal
  3891 | D:4      | Became a worshipper of Vehumet
  4114 | D:4      | Noticed Edmund
  4156 | D:4      | Reached XP level 7. HP: 46/46 MP: 3/10
  4436 | D:2      | Bought a ring of ice for 300 gold pieces
  4495 | D:4      | Reached skill level 10 in Ice Magic
  4568 | D:4      | Reached skill level 1 in Conjurations
  4836 | D:4      | Noticed a wind drake
  4840 | D:4      | Killed a wind drake
  4956 | D:4      | Killed Edmund
  5026 | D:5      | Entered Level 5 of the Dungeon
  5202 | D:5      | Reached skill level 5 in Conjurations
  5202 | D:5      | Reached XP level 8. HP: 52/52 MP: 4/11
  5207 | D:5      | Learned a level 4 spell: Hailstorm
  5440 | D:5      | Noticed a water elemental
  5457 | D:5      | Killed a water elemental
  5465 | D:5      | Noticed Grinder
  5645 | D:5      | Noticed a lindwurm
  5654 | D:5      | Killed a lindwurm
  5742 | D:5      | Paralysed by Grinder for 4 turns
  5817 | D:5      | Noticed a boulder beetle
  5817 | D:5      | Noticed a water elemental
  5825 | D:5      | Killed a water elemental
  5835 | D:5      | Killed from afar by Grinder

Illustrated notes

Levels and vault maps discovered:
D:1:      mrwooster_arrival_statue, layout_basic,
          hellmonk_ecumenical_altar_inner_sanctum
D:2:      layout_basic, basic_altar, serial_shops, shop_fountains,
          uniq_crazy_yiuf_cottage
D:3:      layout_loops_ring, general_overflow_altar, serial_shops, shop,
          nicolae_shop_stone, nicolae_shop_stone, nicolae_shop_stone, shop
D:4:      layout_basic, vehumet_statue, minmay_manual_mess, uniq_blork_the_orc,
          uniq_edmund, uniq_duvessa
D:5:      layout_rooms, corexii_corridor_pit, minmay_liquid_box,
          grunt_decor_mini_mirrors, uniq_grinder

Skill      XL: |  1  2  3  4  5  6  7  8 |
---------------+-------------------------+-----
Ice Magic      | 5 6 7 9 10 | 10.0
Conjurations   | 5 6 |  6.2
Dodging        | |  2.1
Stealth        | |  1.7
Spellcasting   | |  2.1

Action                   |  1- 3 |  4- 6 |  7- 9 || total
-------------------------+-------+-------+-------++-------
Melee: Unarmed           |     1 |       |       ||     1
       Dire flail        |       |    20 |    65 ||    85
 Fire: Sling             |    30 |   106 |       ||   136
       Shortbow          |       |       |     2 ||     2
 Cast: Freeze            |    43 |    16 |    18 ||    77
       Frozen Ramparts   |     1 |    18 |    13 ||    32
       Ozocubu's Armour  |       |     5 |    11 ||    16
       Hailstorm         |       |       |     4 ||     4
 Abil: Hop               |     2 |     2 |     8 ||    12
Evoke: Wand              |       |     4 |       ||     4
  Use: Scroll            |       |       |     8 ||     8
       Potion            |       |       |     3 ||     3
 Stab: Paralysed         |       |     2 |       ||     2
Armor: Robe              |     8 |    20 |    57 ||    85
Dodge: Dodged            |    17 |    26 |    70 ||   113
Block: Orb               |       |     5 |       ||     5
       Other             |       |     3 |       ||     3
